TOP OF THE 1ST |
Detroit (APP) Tigers batting - Pitching for Cleveland (APP) Indians : RHP Jose Esteban
|
Pitching: RHP Jose Esteban
|
|
Batting: LHB Bill Ford
|
0-0: Ball 1-0: Ball 2-0: Foul Ball, location: 2F 2-1: Called Strike 2-2: Ball 3-2: Base on Balls
|
Batting: RHB Keith Hoffman
|
0-0: Called Strike Bill Ford steals 2nd base 0-1: Ball 1-1: Foul Ball, location: 2F 1-2: Ball Wild Pitch! Bill Ford to third 2-2: Ball Passed Ball! Bill Ford scores 3-2: Foul Ball, location: 2F 3-2: Base on Balls
|
Batting: LHB Jon Pedlar
|
0-0: Called Strike 0-1: Foul Ball, location: 2F 0-2: Ball 1-2: Ball Passed Ball! Keith Hoffman to second 2-2: Foul Ball, location: 2F 2-2: Ball Passed Ball! Keith Hoffman to third 3-2: Base on Balls
|
Pitching: RHP Gilbert Paparelli
|
|
Batting: SHB Ross Holland
|
0-0: Called Strike 0-1: Ball 1-1: Foul Ball, location: 2F 1-2: Ball 2-2: Ball Passed Ball! Keith Hoffman scores Jon Pedlar to second 3-2: Base on Balls
|
Batting: LHB Jon Frederick
|
0-0: Ball 1-0: Ball Wild Pitch! Jon Pedlar to third Ross Holland to second 2-0: SINGLE (Groundball, 34, EV 98.8 MPH) Jon Pedlar scores Ross Holland to third
|
Batting: RHB Jon Goldstein
|
0-0: Called Strike 0-1: Ball 1-1: Ball Passed Ball! Ross Holland scores Jon Frederick to second 2-1: Swinging Strike 2-2: Ball Passed Ball! Jon Frederick to third 3-2: Fly out, F2 (Popup, 15S, EV 92.5 MPH)
|
Batting: RHB Billy Verdusco
|
0-0: Called Strike 0-1: Ball 1-1: Ball Passed Ball! Jon Frederick scores 2-1: Called Strike 2-2: Ball 3-2: Foul Ball, location: 2F 3-2: Foul Ball, location: 2F 3-2: Foul Ball, location: 2F 3-2: SINGLE (Flyball, 89S, EV 90.0 MPH)
|
Pitching: LHP Jordan Jimenez
|
|
Batting: RHB Jamie Villagrana
|
0-0: Called Strike Billy Verdusco steals 2nd base 0-1: Ball Passed Ball! Billy Verdusco to third 1-1: Swinging Strike 1-2: Ball Wild Pitch! Billy Verdusco scores 2-2: Ball 3-2: Base on Balls
|
Batting: RHB Willie Ochoa
|
0-0: Ball Passed Ball! Jamie Villagrana to second 1-0: Foul Ball, location: 2F 1-1: Ball 2-1: Ball 3-1: Fly out, F4 (Line Drive, 4, EV 68.1 MPH)
|
Batting: LHB Bill Ford
|
0-0: Ball 1-0: SINGLE (Line Drive, 4MD, EV 105.6 MPH) Jamie Villagrana to third Runner from 3rd tries for Home, SAFE, throw by CF to home Bill Ford to second
|
Batting: RHB Keith Hoffman
|
0-0: Ball 1-0: Ball 2-0: Ball Passed Ball! Bill Ford to third 3-0: Base on Balls
|
Batting: LHB Jon Pedlar
|
0-0: Ball 1-0: 3-RUN HOME RUN (Flyball, 9LD, EV 92.5 MPH), Distance : 340 ft
|
Batting: SHB Ross Holland
|
0-0: SOLO HOME RUN (Flyball, 89XD, EV 106.9 MPH), Distance : 416 ft
|
Batting: LHB Jon Frederick
|
0-0: DOUBLE (Line Drive, 3D, EV 111.2 MPH)
|
Batting: RHB Jon Goldstein
|
0-0: Called Strike 0-1: Ball 1-1: Foul Ball, location: 2F 1-2: Ball 2-2: Ball Passed Ball! Jon Frederick to third 3-2: 2-RUN HOME RUN (Flyball, 7D, EV 95.0 MPH), Distance : 360 ft
|
Batting: RHB Billy Verdusco
|
0-0: DOUBLE (Line Drive, 3D, EV 100.6 MPH)
|
Batting: RHB Jamie Villagrana
|
0-0: Called Strike 0-1: Ball 1-1: Ball Passed Ball! Billy Verdusco to third 2-1: Ball Passed Ball! Billy Verdusco scores 3-1: Base on Balls
|
Batting: RHB Willie Ochoa
|
0-0: Swinging Strike 0-1: Swinging Strike Passed Ball! Jamie Villagrana to second 0-2: Ball 1-2: Strikes out looking
|
Top of the 1st over - 14 runs, 8 hits, 0 errors, 1 left on base; Detroit (APP) 14 - Cleveland (APP) 0 |
BOTTOM OF THE 1ST |
Cleveland (APP) Indians batting - Pitching for Detroit (APP) Tigers : RHP Alex Amparo
|
Pitching: RHP Alex Amparo
|
|
Batting: RHB John Clark
|
0-0: Ball 1-0: Reached on error, E6 (Groundball, 6M, EV 96.9 MPH)
|
Batting: RHB Carlos Manriquez
|
0-0: Fielders Choice at 2nd, U6 (Groundball, 4MD, EV 91.9 MPH)
|
Batting: RHB Juan Gallardo
|
0-0: Ball 1-0: SINGLE (Line Drive, 7S, EV 96.9 MPH) Carlos Manriquez to second
|
Batting: RHB Luis Roman
|
0-0: Called Strike 0-1: Grounds into double play, 3-6-1 (Groundball, 34, EV 80.6 MPH)
|
Bottom of the 1st over - 0 runs, 1 hit, 1 error, 1 left on base; Detroit (APP) 14 - Cleveland (APP) 0 |
TOP OF THE 2ND |
Detroit (APP) Tigers batting - Pitching for Cleveland (APP) Indians : LHP Jordan Jimenez
|
Batting: LHB Bill Ford
|
0-0: Ball 1-0: Ball 2-0: Called Strike 2-1: Ball 3-1: Swinging Strike 3-2: Foul Ball, location: 2F 3-2: Foul Ball, location: 2F 3-2: Base on Balls
|
Batting: RHB Keith Hoffman
|
0-0: SINGLE (Groundball, 4MD, EV 101.9 MPH) Bill Ford to second
|
Batting: LHB Jon Pedlar
|
0-0: SINGLE (Groundball, 34, EV 99.4 MPH) Bill Ford to third Keith Hoffman to second Throwing error, E9 Bill Ford scores Keith Hoffman to third Jon Pedlar to second
|
Batting: SHB Ross Holland
|
0-0: SINGLE (Line Drive, 4D, EV 96.9 MPH) Keith Hoffman scores Jon Pedlar to third
|
Batting: LHB Jon Frederick
|
0-0: Called Strike 0-1: Foul Ball, location: 2F 0-2: SINGLE (Line Drive, 7S, EV 103.1 MPH) Jon Pedlar scores Ross Holland to second
|
Batting: RHB Jon Goldstein
|
0-0: Ball 1-0: TRIPLE (Flyball, 89XD, EV 100.0 MPH) Ross Holland scores Jon Frederick scores
|
Batting: RHB Billy Verdusco
|
0-0: Called Strike 0-1: SINGLE (Line Drive, 8RS, EV 104.4 MPH) Jon Goldstein scores
|
Batting: RHB Jamie Villagrana
|
0-0: Ball 1-0: Foul Ball, location: 2F 1-1: SINGLE (Flyball, 34D, EV 86.2 MPH) Billy Verdusco to second
|
Batting: RHB Willie Ochoa
|
0-0: Called Strike 0-1: Ball Passed Ball! Billy Verdusco to third Jamie Villagrana to second 1-1: Ball Passed Ball! Billy Verdusco scores Jamie Villagrana to third 2-1: Ball Passed Ball! Jamie Villagrana scores 3-1: Base on Balls
|
Batting: LHB Bill Ford
|
0-0: Ball 1-0: Ball 2-0: Ball Passed Ball! Willie Ochoa to second 3-0: Called Strike 3-1: Base on Balls
|
Batting: RHB Keith Hoffman
|
0-0: Ball Passed Ball! Willie Ochoa to third Bill Ford to second 1-0: Fly out, F9 (Flyball, 9S, EV 81.2 MPH)
|
Batting: LHB Jon Pedlar
|
0-0: SINGLE (Groundball, 34D, EV 98.1 MPH) Willie Ochoa scores Bill Ford to third Throwing error, E9 Bill Ford scores Jon Pedlar to second
|
Batting: SHB Ross Holland
|
0-0: Ball 1-0: Ball 2-0: Ball Wild Pitch! Jon Pedlar to third 3-0: Called Strike 3-1: Foul Ball, location: 2F 3-2: Foul Ball, location: 2F 3-2: Strikes out looking
|
Batting: LHB Jon Frederick
|
0-0: Ball 1-0: DOUBLE (Line Drive, 78D, EV 106.2 MPH) Jon Pedlar scores
|
Batting: RHB Jon Goldstein
|
0-0: Ball 1-0: Called Strike 1-1: Ball 2-1: DOUBLE (Groundball, 5L, EV 105.0 MPH) Jon Frederick scores
|
Batting: RHB Billy Verdusco
|
0-0: Fly out, F4 (Flyball, 34D, EV 88.8 MPH)
|
Top of the 2nd over - 12 runs, 10 hits, 2 errors, 1 left on base; Detroit (APP) 26 - Cleveland (APP) 0 |
BOTTOM OF THE 2ND |
Cleveland (APP) Indians batting - Pitching for Detroit (APP) Tigers : RHP Alex Amparo
|
Batting: LHB Kenji Yokoyama
|
0-0: Called Strike 0-1: Ball 1-1: Ground out 6-3 (Groundball, 6, EV 105.6 MPH)
|
Batting: RHB Joe Shade
|
0-0: Ball 1-0: Called Strike 1-1: Ground out 6-3 (Groundball, 56, EV 107.5 MPH)
|
Batting: LHB Heath Ryland
|
0-0: Ball 1-0: Ball 2-0: Called Strike 2-1: Swinging Strike 2-2: Foul Ball, location: 2F 2-2: Strikes out looking
|
Bottom of the 2nd over - 0 runs, 0 hits, 0 errors, 0 left on base; Detroit (APP) 26 - Cleveland (APP) 0 |
TOP OF THE 3RD |
Detroit (APP) Tigers batting - Pitching for Cleveland (APP) Indians : LHP Jordan Jimenez
|
Batting: RHB Jamie Villagrana
|
0-0: Ground out U3 (Groundball, 34S, EV 81.9 MPH)
|
Batting: RHB Willie Ochoa
|
0-0: Called Strike 0-1: Ball 1-1: Ball 2-1: Ball 3-1: Base on Balls
|
Batting: LHB Bill Ford
|
0-0: Ball Passed Ball! Willie Ochoa to second 1-0: SINGLE (Groundball, 6MD, EV 95.6 MPH) Willie Ochoa to third Runner from 3rd tries for Home, throw by CF and OUT! 8-2 Bill Ford to second
|
Batting: RHB Keith Hoffman
|
0-0: Fly out, F3 (Line Drive, 3, EV 60.6 MPH)
|
Top of the 3rd over - 0 runs, 1 hit, 0 errors, 1 left on base; Detroit (APP) 26 - Cleveland (APP) 0 |
BOTTOM OF THE 3RD |
Cleveland (APP) Indians batting - Pitching for Detroit (APP) Tigers : RHP Alex Amparo
|
Batting: RHB Ken Shear
|
0-0: Ball 1-0: Swinging Strike 1-1: Foul Ball, location: 2F 1-2: Strikes out swinging
|
Batting: SHB Mike Shields
|
0-0: Ball 1-0: Ball 2-0: Ball 3-0: Base on Balls
|
Batting: RHB John Clark
|
0-0: Foul Ball, location: 2F 0-1: Foul Ball, location: 2F 0-2: Strikes out looking
|
Batting: RHB Carlos Manriquez
|
0-0: Called Strike 0-1: Ball 1-1: Called Strike 1-2: Ball 2-2: Ball 3-2: Foul Ball, location: 2F 3-2: Base on Balls Mike Shields to second
|
Batting: RHB Juan Gallardo
|
0-0: Ball 1-0: SINGLE (Flyball, 9LS, EV 91.9 MPH) Mike Shields to third Carlos Manriquez to second Runner from 3rd tries for Home, throw by RF and OUT! 9-2
|
Bottom of the 3rd over - 0 runs, 1 hit, 0 errors, 2 left on base; Detroit (APP) 26 - Cleveland (APP) 0 |
TOP OF THE 4TH |
Detroit (APP) Tigers batting - Pitching for Cleveland (APP) Indians : LHP Jordan Jimenez
|
Batting: LHB Jon Pedlar
|
0-0: Ground out 6-3 (Groundball, 56, EV 87.5 MPH)
|
Batting: SHB Ross Holland
|
0-0: Called Strike 0-1: Fly out, F8 (Flyball, 8LD, EV 110.0 MPH)
|
Batting: LHB Jon Frederick
|
0-0: Ground out 4-3 (Groundball, 4, EV 84.4 MPH)
|
Top of the 4th over - 0 runs, 0 hits, 0 errors, 0 left on base; Detroit (APP) 26 - Cleveland (APP) 0 |
BOTTOM OF THE 4TH |
Cleveland (APP) Indians batting - Pitching for Detroit (APP) Tigers : RHP Alex Amparo
|
Batting: RHB Luis Roman
|
0-0: Fly out, F9 (Flyball, 9LD, EV 100.0 MPH)
|
Batting: LHB Kenji Yokoyama
|
0-0: Ball 1-0: Foul Ball, location: 2F 1-1: Foul Ball, location: 2F 1-2: Ball 2-2: Ball 3-2: Fly out, F8 (Flyball, 8RS, EV 84.4 MPH)
|
Batting: RHB Joe Shade
|
0-0: Ball 1-0: Swinging Strike 1-1: Ball 2-1: Foul Ball, location: 2F 2-2: Ball 3-2: Base on Balls
|
Batting: LHB Heath Ryland
|
0-0: Called Strike 0-1: Ball 1-1: Fly out, F7 (Flyball, 7LS, EV 78.1 MPH)
|
Bottom of the 4th over - 0 runs, 0 hits, 0 errors, 1 left on base; Detroit (APP) 26 - Cleveland (APP) 0 |
TOP OF THE 5TH |
Detroit (APP) Tigers batting - Pitching for Cleveland (APP) Indians : LHP Jordan Jimenez
|
Batting: RHB Jon Goldstein
|
0-0: Called Strike 0-1: Ball 1-1: Ball 2-1: Fly out, F7 (Flyball, 7D, EV 108.8 MPH)
|
Batting: RHB Billy Verdusco
|
0-0: SINGLE (Groundball, 56S, EV 72.5 MPH) (infield hit)
|
Batting: RHB Jamie Villagrana
|
0-0: Fly out, F7 (Flyball, 7LM, EV 85.0 MPH)
|
Batting: RHB Willie Ochoa
|
0-0: Ground out 1-3 (Groundball, 15S, EV 67.5 MPH)
|
Top of the 5th over - 0 runs, 1 hit, 0 errors, 1 left on base; Detroit (APP) 26 - Cleveland (APP) 0 |
BOTTOM OF THE 5TH |
Cleveland (APP) Indians batting - Pitching for Detroit (APP) Tigers : RHP Alex Amparo
|
Batting: RHB Ken Shear
|
0-0: Ball 1-0: Ground out 6-3 (Groundball, 6, EV 83.1 MPH)
|
Batting: SHB Mike Shields
|
0-0: Foul Ball, location: 2F 0-1: Called Strike 0-2: Ball 1-2: Ball 2-2: Strikes out swinging
|
Batting: RHB John Clark
|
0-0: Called Strike 0-1: Swinging Strike 0-2: Reached on error, E4 (Groundball, 4, EV 95.0 MPH)
|
Batting: RHB Carlos Manriquez
|
0-0: Ball 1-0: Ball John Clark is caught stealing 2nd base 2-4
|
Bottom of the 5th over - 0 runs, 0 hits, 1 error, 0 left on base; Detroit (APP) 26 - Cleveland (APP) 0 |
TOP OF THE 6TH |
Detroit (APP) Tigers batting - Pitching for Cleveland (APP) Indians : LHP Jordan Jimenez
|
Batting: LHB Bill Ford
|
0-0: Foul Ball, location: 2F 0-1: Fly out, F3 (Popup, 3SF, EV 64.4 MPH)
|
Batting: RHB Keith Hoffman
|
0-0: Called Strike 0-1: Ground out U3 (Groundball, 3, EV 78.8 MPH)
|
Batting: LHB Jon Pedlar
|
0-0: Foul Ball, location: 2F 0-1: Foul Ball, location: 2F 0-2: Foul Ball, location: 2F 0-2: Ball 1-2: Strikes out swinging
|
Top of the 6th over - 0 runs, 0 hits, 0 errors, 0 left on base; Detroit (APP) 26 - Cleveland (APP) 0 |
BOTTOM OF THE 6TH |
Cleveland (APP) Indians batting - Pitching for Detroit (APP) Tigers : RHP Alex Amparo
|
Batting: RHB Carlos Manriquez
|
0-0: Fly out, F8 (Flyball, 8RM, EV 93.1 MPH)
|
Batting: RHB Juan Gallardo
|
0-0: Ball 1-0: Called Strike 1-1: Foul Ball, location: 2F 1-2: Foul Ball, location: 2F 1-2: Foul Ball, location: 2F 1-2: Ball 2-2: Strikes out looking
|
Batting: RHB Luis Roman
|
0-0: Called Strike 0-1: Ground out 6-3 (Groundball, 6, EV 81.2 MPH)
|
Bottom of the 6th over - 0 runs, 0 hits, 0 errors, 0 left on base; Detroit (APP) 26 - Cleveland (APP) 0 |
TOP OF THE 7TH |
Detroit (APP) Tigers batting - Pitching for Cleveland (APP) Indians : LHP Jordan Jimenez
|
Batting: SHB Ross Holland
|
0-0: Called Strike 0-1: SINGLE (Flyball, 8RS, EV 91.2 MPH)
|
Batting: LHB Jon Frederick
|
0-0: Swinging Strike 0-1: Ball Passed Ball! Ross Holland to second 1-1: Swinging Strike 1-2: Ball 2-2: Ball Passed Ball! Ross Holland to third 3-2: Foul Ball, location: 2F 3-2: Base on Balls
|
Batting: RHB Jon Goldstein
|
0-0: Grounds into double play, 5-4-3 (Groundball, 56S, EV 90.0 MPH) Ross Holland scores
|
Batting: RHB Billy Verdusco
|
0-0: Ball 1-0: Fly out, F6 (Line Drive, 6, EV 62.5 MPH)
|
Top of the 7th over - 1 run, 1 hit, 0 errors, 0 left on base; Detroit (APP) 27 - Cleveland (APP) 0 |
BOTTOM OF THE 7TH |
Cleveland (APP) Indians batting - Pitching for Detroit (APP) Tigers : RHP Alex Amparo
|
Batting: LHB Kenji Yokoyama
|
0-0: Ball 1-0: Swinging Strike 1-1: Swinging Strike 1-2: Strikes out swinging
|
Batting: RHB Joe Shade
|
0-0: Ground out 5-3 (Groundball, 56S, EV 78.1 MPH)
|
Batting: LHB Heath Ryland
|
0-0: SINGLE (Groundball, 4M, EV 104.4 MPH) (infield hit)
|
Batting: RHB Ken Shear
|
0-0: Ball 1-0: Called Strike 1-1: Foul Ball, location: 2F 1-2: Fielders Choice at 2nd, 6-4 (Groundball, 6, EV 89.4 MPH)
|
Bottom of the 7th over - 0 runs, 1 hit, 0 errors, 1 left on base; Detroit (APP) 27 - Cleveland (APP) 0 |
TOP OF THE 8TH |
Detroit (APP) Tigers batting - Pitching for Cleveland (APP) Indians : LHP Jordan Jimenez
|
Batting: RHB Jamie Villagrana
|
0-0: Foul Ball, location: 2F 0-1: SOLO HOME RUN (Flyball, 7LD, EV 91.9 MPH), Distance : 351 ft
|
Batting: RHB Willie Ochoa
|
0-0: SINGLE (Flyball, 8LS, EV 90.0 MPH)
|
Batting: LHB Bill Ford
|
0-0: Fielders Choice at 2nd, 6-4 (Groundball, 6, EV 101.2 MPH)
|
Batting: RHB Keith Hoffman
|
0-0: Ball Wild Pitch! Bill Ford to second 1-0: Foul Ball, location: 2F 1-1: Called Strike 1-2: Ball 2-2: Ball Passed Ball! Bill Ford to third 3-2: Base on Balls
|
Batting: LHB Jon Pedlar
|
0-0: Fielders Choice at 2nd, 4-6 (Groundball, 4, EV 103.1 MPH) Bill Ford scores
|
Batting: SHB Ross Holland
|
0-0: Ball 1-0: Ball 2-0: Called Strike 2-1: Fly out, F3 (Popup, 3F, EV 70.0 MPH)
|
Top of the 8th over - 2 runs, 2 hits, 0 errors, 1 left on base; Detroit (APP) 29 - Cleveland (APP) 0 |
BOTTOM OF THE 8TH |
Cleveland (APP) Indians batting - Pitching for Detroit (APP) Tigers : RHP Alex Amparo
|
Batting: SHB Mike Shields
|
0-0: Called Strike 0-1: Ball 1-1: Called Strike 1-2: Ball 2-2: Strikes out swinging
|
Batting: RHB John Clark
|
0-0: Ball 1-0: Called Strike 1-1: Ball 2-1: Ball 3-1: Base on Balls
|
Batting: RHB Carlos Manriquez
|
0-0: Ball 1-0: Swinging Strike 1-1: Called Strike 1-2: Strikes out looking
|
Batting: RHB Juan Gallardo
|
0-0: Ground out 4-3 (Groundball, 4, EV 91.9 MPH)
|
Bottom of the 8th over - 0 runs, 0 hits, 0 errors, 1 left on base; Detroit (APP) 29 - Cleveland (APP) 0 |
TOP OF THE 9TH |
Detroit (APP) Tigers batting - Pitching for Cleveland (APP) Indians : LHP Jordan Jimenez
|
Batting: LHB Jon Frederick
|
0-0: Ball 1-0: Ball 2-0: Called Strike 2-1: Ball 3-1: Base on Balls
|
Batting: RHB Jon Goldstein
|
0-0: Fielders Choice at 2nd, 4-6 (Groundball, 4, EV 91.2 MPH)
|
Batting: RHB Billy Verdusco
|
0-0: Fielders Choice at 2nd, 3-6 (Groundball, 3, EV 81.9 MPH)
|
Batting: RHB Jamie Villagrana
|
0-0: Fielders Choice at 2nd, 5-4 (Groundball, 5L, EV 85.0 MPH)
|
Top of the 9th over - 0 runs, 0 hits, 0 errors, 1 left on base; Detroit (APP) 29 - Cleveland (APP) 0 |
BOTTOM OF THE 9TH |
Cleveland (APP) Indians batting - Pitching for Detroit (APP) Tigers : RHP Alex Amparo
|
Batting: RHB Luis Roman
|
0-0: Ball 1-0: Ball 2-0: Fly out, F7 (Flyball, 78XD, EV 110.0 MPH)
|
Pitching: RHP Kyle Moore
|
|
Batting: LHB Kenji Yokoyama
|
0-0: Called Strike 0-1: SINGLE (Groundball, 34S, EV 85.6 MPH) (infield hit)
|
Batting: RHB Joe Shade
|
0-0: Ball 1-0: Swinging Strike 1-1: Ball 2-1: Foul Ball, location: 2F 2-2: Strikes out looking
|
Batting: LHB Heath Ryland
|
0-0: Foul Ball, location: 2F 0-1: Ball 1-1: Swinging Strike 1-2: Strikes out swinging
|
Bottom of the 9th over - 0 runs, 1 hit, 0 errors, 1 left on base; Detroit (APP) 29 - Cleveland (APP) 0 |
|